 Dungeon Crawl Stone Soup version 0.21-a0-521-g1cd18d1 (webtiles) character file.

44 slep the Chopper (level 3, -1/18 HPs)
             Began as a Vine Stalker Gladiator on Dec 6, 2017.
             Slain by a gnoll
             ... wielding a +0 spear
              (2 damage)
             ... on level 2 of the Dungeon.
             The game lasted 00:05:00 (1892 turns).

slep the Chopper (Vine Stalker Gladiator)           Turns: 1892, Time: 00:05:01

Health: -1/18      AC:  4    Str: 17    XL:     3   Next: 62%
Magic:  0/4        EV: 13    Int:  8    God:
Gold:   58         SH:  0    Dex: 15    Spells: 2/2 levels left

rFire    . . .     SeeInvis .   a - +0 war axe
rCold    . . .     Gourm    .   (no shield)
rNeg     . . .     Faith    .   b - +0 leather armour
rPois    .         Spirit   +   c - +0 helmet
rElec    .         Reflect  .   (no cloak)
rCorr    +         Harm     .   (no gloves)
MR       .....                  (no boots)
Stlth    +.........             (no amulet)
HPRegen  0.06/turn              e - ring of resist corrosion
MPRegen  0.09/turn              (no ring)

@: no status effects
A: fangs 2, magic shield, antimagic bite, no potion heal 3, rot immunity
a: no special abilities


You were on level 2 of the Dungeon.
You were near starving.

You visited 1 branch of the dungeon, and saw 2 of its levels.

You collected 58 gold pieces.

Inventory:

Hand Weapons
 a - a +0 war axe (weapon)
Missiles
 d - 3 throwing nets (quivered)
 n - 3 needles of sleeping
Armour
 b - a +0 leather armour (worn)
 c - a +0 helmet (worn)
Jewellery
 e - a ring of resist corrosion (left hand)
Scrolls
 g - a scroll of immolation {unknown}
 h - a scroll of identify {unknown}
 j - a scroll of random uselessness {unknown}
 m - a scroll of teleportation {unknown}
Potions
 i - 2 potions of agility {unknown}
 k - a potion of mutation {unknown}
Comestibles
 f - a bread ration
 l - 2 royal jellies
 o - a meat ration


   Skills:
 + Level 2.0 Fighting
 + Level 3.3 Axes
 + Level 1.8 Throwing
 + Level 0.6 Armour
 + Level 2.8 Dodging


You had 2 spell levels left.
You didn't know any spells.

Dungeon Overview and Level Annotations

Branches:
Dungeon (2/15)

Altars:


Innate Abilities, Weirdness & Mutations

You have extremely sharp teeth.
When hurt, damage is shared between your health and your magic reserves.
Your bite disrupts and absorbs the magic of your enemies.
Potions cannot restore your health.
You are immune to rotting.


Message History

* * * LOW HITPOINT WARNING * * *
You barely miss the gnoll. You bite the gnoll, but do no damage.
The gnoll is severely wounded.
The gnoll closely misses you.
The gnoll hits you from afar with a spear.
* * * LOW HITPOINT WARNING * * *
You slash the gnoll!
You kill the gnoll!
The ball python zombie closely misses you. x2
A gnoll comes into view. It is wielding a spear.
The gnoll shouts!
You hear a shout!
The gnoll hits you with a spear.
* * * LOW HITPOINT WARNING * * *
The gnoll misses you.
There is a stone staircase leading up here.
You are near starving!
The ball python zombie closely misses you.
The ball python zombie barely misses you.
The gnoll hits you from afar with a spear.
You die...

. ######### )
##.#.#.#.##
#.........#
###.#.#.#.###
#...........#
#######.#.#.#.#.#.#
..................#
####.####.#.#.#.#.#
#.#.[.....ggZ@.#
#.#.##.#.#.#.#.#
#.# #.########.#
#.# #..g.).....#
#.# #.##########
#.# #.# #.# #.# #.#
#)# #.###.#


You could see 2 gnolls and a ball python zombie.

Vanquished Creatures
  A gnoll (D:2)
  An adder (D:2)
  A worm (D:2)
  2 dart slugs
  A leopard gecko (D:1)
  A ball python (D:1)
  3 giant cockroaches
  2 goblins
  A bat (D:1)
  A frilled lizard (D:1)
  5 kobolds
  2 bushes (D:1)
  3 plants (D:1)
24 creatures vanquished.

Notes
Turn   | Place    | Note
-------+----------+-------------------------------------------
     0 | D:1      | slep the Vine Stalker Gladiator began the quest for the Orb.
     0 | D:1      | Reached XP level 1. HP: 11/11 MP: 2/2
   159 | D:1      | Reached XP level 2. HP: 15/15 MP: 3/3
   680 | D:1      | Reached skill level 3 in Axes
  1381 | D:2      | Reached XP level 3. HP: 8/18 MP: 2/4
  1892 | D:2      | Slain by a gnoll

Vault maps used:
D:1:      dpeg_arrival_connections, serial_forest,
          infiniplex_forest_clump_double, infiniplex_forest_lined_corner,
          infiniplex_forest_clump_medium, infiniplex_forest_clump_small,
          infiniplex_forest_lined_room_, infiniplex_forest_clump_cross,
          infiniplex_forest_lined_3, infiniplex_forest_clump_long,
          infiniplex_forest_end_2, minmay_tetromino_s2
D:2:      st_stairs_9

Skill      XL: |  1  2 |
---------------+-------+-----
Axes           | 3 |  3.3
Fighting       | 2 |  2.0
Throwing       | |  1.8
Armour         | |  0.6
Dodging        | |  2.8

Action                   || total
-------------------------++-------
Melee: War axe           ||   195
       Bite              ||   103
  Eat: Chunk             ||     2
Armor: Leather armour    ||    17
Dodge: Dodged            ||    59

Table legend:
 A = Spawn XP
 B = Non-spawn XP
 C = Spawn XP percentage of total XP
 D = Spawn monster count
 E = Non-spawn monster count
 F = Spawn count percentage of total count
 G = Total turns spent on level
                    A         B        C        D         E        F      G
               +---------+---------+-------+---------+---------+-------+---------
         Total |       0 |      64 |   0.0 |       0 |      19 |   0.0 |  1892
               +---------+---------+-------+---------+---------+-------+---------
           D:1 |       0 |      22 |   0.0 |       0 |      12 |   0.0 |  1505
           D:2 |       0 |      42 |   0.0 |       0 |       7 |   0.0 |   387
               +---------+---------+-------+---------+---------+-------+---------
